 Dungeon Crawl Stone Soup version 0.28.0 (webtiles) character file.

Game seed: 18183156311434742842

1736 Anon1729 the Martial Artist (level 9, -7/53 HPs)
             Began as an Octopode Transmuter on Feb 15, 2022.
             Was an Initiate of Fedhas.
             Mangled by a shadow (19 damage)
             ... on level 6 of the Dungeon.
             The game lasted 00:09:30 (6446 turns).

Anon1729 the Martial Artist (Octopode Transmuter)   Turns: 6446, Time: 00:09:31

Health: -7/53      AC:  2    Str: 16    XL:     9   Next: 5%
Magic:  14/14      EV: 19    Int: 19    God:    Fedhas [......]
Gold:   201        SH:  0    Dex: 17    Spells: 2/15 levels left

rFire   . . .      SeeInvis .     - Unarmed
rCold   . . .      Faith    .   (shield currently unavailable)
rNeg    . . .      Spirit   .   (helmet currently unavailable)
rPois   x          Reflect  .   l - amulet of magic regeneration
rElec   .          Harm     .   c - +6 ring of strength
rCorr   .          Rampage  .   (no ring)
Will    .....                   (no ring)
Stlth   ++........              (no ring)
HPRegen 0.17/turn               (no ring)
MPRegen 0.54/turn               (no ring)
                                (no ring)
                                (no ring)

@: spider-form, studying Staves
A: venomous fangs, almost no armour, (amphibious), 8 rings, tiny, (camouflage
1), (gelatinous body 1), (nimble swimmer 1), (tentacles), (tentacle spike 1),
(shaggy fur 1), MP-powered wands
a: End Transformation, Renounce Religion


You were on level 6 of the Dungeon.
You worshipped Fedhas.
Fedhas was noncommittal.
You were a venomous arachnid creature.
You visited 2 branches of the dungeon, and saw 7 of its levels.

You collected 201 gold pieces.

Inventory:

Jewellery
 c - a +6 ring of strength (left front leg)
 l - an amulet of magic regeneration (around neck)
Scrolls
 a - a scroll of immolation {unknown}
 b - 2 scrolls of enchant armour
 h - 2 scrolls of holy word {unknown}
 i - 2 scrolls of magic mapping {unknown}
 k - a scroll of enchant weapon {unknown}
 n - 3 scrolls of identify {unknown}
 o - a scroll of teleportation {unknown}
 p - a scroll of fear {unknown}
 r - a scroll of silence {unknown}
 t - a scroll of vulnerability {unknown}
Potions
 q - a potion of ambrosia
 s - a potion of cancellation


   Skills:
 - Level 1.0 Fighting
 - Level 2.0 Dodging
 + Level 9.0 Unarmed Combat
 + Level 3.6 Spellcasting
 + Level 4.8 Transmutations
 + Level 4.1 Ice Magic
 - Level 2.0 Poison Magic


You had 2 spell levels left.
You knew the following spells:

 Your Spells              Type           Power      Damage    Failure   Level
a - Beastly Appendage     Tmut           44%        N/A       8%          1
b - Wereblood             Tmut           22%        N/A       11%         2
c - Spider Form           Tmut/Pois      16%        N/A       26%         3
d - Ozocubu's Armour      Ice            19%        N/A       21%         3
e - Ice Form              Ice/Tmut       20%        N/A       43%         4

Your spell library contained the following spells:

 Spells                   Type           Power      Damage    Failure   Level
 Freeze                   Ice            76%        1d9       10%         1
 Slow                     Hex            12%        N/A       32%         1
 Scorch                   Fire           6%         2d5       43%         2
 Frozen Ramparts          Ice            38%        1d5       21%         3
 Confusing Touch          Hex            3%         N/A       61%         3
 Vampiric Draining        Necr           3%         2d6       61%         3
 Hailstorm                Conj/Ice       11%        3d5       73%         4
 Flame Wave               Conj/Fire      3%         2d4       92%         4
 Summon Cactus Giant      Summ           1%         N/A       100%        6
 Ozocubu's Refrigeration  Ice            9%         4d6       100%        7


Dungeon Overview and Level Annotations

Branches:
Dungeon (6/15)             Temple (1/1) D:5

Altars:
Ashenzari
Cheibriados
Dithmenos
Elyvilon
Fedhas
Hepliaklqana
Kikubaaqudgha
Makhleb
Okawaru
Qazlal
Ru
Sif Muna
Trog
Vehumet
Xom
Yredelemnul
Zin

Annotations:
D:5 exclusion: phantom


Innate Abilities, Weirdness & Mutations

You are a venomous arachnid creature.
You have poisonous fangs.
You are tiny and dextrous.
Your spellcasting is less reliable in this form.
Your armour is entirely melded.
You are incapable of wielding weapons or throwing items.
You cannot wear most types of armour.
((You are amphibious.))
You can wear up to eight rings at the same time.
((Your skin changes colour to match your surroundings (Stealth+).))
((Your rubbery body absorbs attacks. (AC +1, EV +1)))
((You are camouflaged when in or above water. (Stealth+)))
((You have tentacles for arms and can constrict up to eight enemies at once.))
((One of your tentacles bears a spike.))
((You are covered in fur. (AC +1)))
You expend magic power (3 MP) to strengthen your wands.


Message History

Fedhas appreciates your contribution to the ecosystem.
You barely miss the orc. Your grab misses the orc.
You pierce the orc.
Your squeeze misses the orc.
The orc is lightly wounded.
The shadow slips into darkness.
The shadow flickers and vanishes!
Deactivating autopickup; reactivate with Ctrl-A.
The orc hits you with a +0 hand axe.
You closely miss the orc. You grab the orc.
You pierce the orc, but do no damage.
The orc is lightly wounded.
You constrict the orc. You bludgeon the orc!
You kill the orc!
Fedhas appreciates your contribution to the ecosystem.
No target in view!
No target in view!
No target in view!
No target in view!
No target in view!
No target in view!
No target in view!
Items here: ))) [[ †.
Casting: Beastly Appendage (safe; 1% risk of failure)
Confirm with . or Enter, or press ? or * to list all spells.
You turn into a venomous arachnid creature.
You completely miss something.
The shadow strikes at you from the darkness!
Ouch! That really hurt!
* * * LOW HITPOINT WARNING * * *
Reactivating autopickup.
You bite the shadow!
The shadow is heavily damaged.
The shadow barely misses you.
The shadow slips into darkness.
The shadow flickers and vanishes!
Deactivating autopickup; reactivate with Ctrl-A.
The shadow strikes at you from the darkness!
You die...
Fedhas appreciates your contribution to the ecosystem.

.## .............# ..
.............# #. #).....#
####.###### #...$###
#.........# ##....##
...........## ##....#
..###.......#####..##
###.##....#.....#.##
###.......#.<...s.#
.......#....###..##
#..###.......######
##............###.#
###..###..........##
##....###..........##
.#....##.....##.....#
.............##....## ###
..##.........#.....#####.#


There were no monsters in sight!

Vanquished Creatures
  Sigmund (D:3)
  A wyvern (D:5)
  A steam dragon (D:5)
  A sky beast (D:6)
  An ogre (D:4)
  A necrophage (D:5)
  Blork the orc (D:6)
  A bullfrog (D:6)
  2 scorpions
  A killer bee (D:6)
  2 howler monkeys (D:5)
  A hound (D:3)
  An orc priest (D:5)
  3 jellies
  2 bullfrog skeletons
  A centaur skeleton (D:5)
  Jessica (D:3)
  2 iguanas (D:5)
  Ijyb (D:3)
  Natasha (twice) (D:3)
  4 orc wizards
  A hound zombie (D:5)
  A howler monkey skeleton (D:4)
  6 adders
  A shadow imp (D:6)
  2 white imps
  2 adder skeletons (D:4)
  3 worms
  3 dart slugs
  19 orcs
  6 ball pythons
  5 endoplasms
  3 giant cockroaches
  10 goblins
  4 hobgoblins
  12 kobolds
  5 quokkas
  A bat (D:3)
  4 frilled lizards
  6 rats
125 creatures vanquished.

Vanquished Creatures (others)
  A plant (D:1)
1 creature vanquished.

Grand Total: 126 creatures vanquished

Notes
Turn   | Place    | Note
-------+----------+-------------------------------------------
     0 | D:1      | Anon1729 the Octopode Transmuter began the quest for the
                  | Orb.
     0 | D:1      | Reached XP level 1. HP: 13/13 MP: 3/3
   135 | D:1      | Found a faded altar of an unknown god.
   439 | D:1      | Reached XP level 2. HP: 18/18 MP: 3/5
   930 | D:2      | Reached XP level 3. HP: 23/23 MP: 4/6
   959 | D:2      | Reached skill level 4 in Unarmed Combat
  1795 | D:3      | Noticed Natasha
  1802 | D:3      | Killed Natasha
  1803 | D:3      | Reached XP level 4. HP: 28/28 MP: 5/7
  1806 | D:3      | Reached skill level 5 in Unarmed Combat
  1909 | D:3      | Reached XP level 5. HP: 33/33 MP: 8/8
  1912 | D:3      | Learned a level 2 spell: Wereblood
  1916 | D:3      | Learned a level 3 spell: Spider Form
  2414 | D:3      | Noticed Sigmund
  2480 | D:3      | Killed Sigmund
  2481 | D:3      | Reached skill level 6 in Unarmed Combat
  2481 | D:3      | Reached XP level 6. HP: 31/38 MP: 6/9
  2649 | D:3      | Reached skill level 7 in Unarmed Combat
  2671 | D:3      | Noticed Jessica
  2677 | D:3      | Killed Jessica
  2727 | D:3      | Noticed Natasha
  2731 | D:3      | Killed Natasha
  3087 | D:3      | Noticed Ijyb
  3112 | D:3      | Killed Ijyb
  3319 | D:4      | Reached XP level 7. HP: 34/43 MP: 8/10
  3326 | D:4      | Learned a level 3 spell: Ozocubu's Armour
  3570 | D:4      | Reached skill level 1 in Poison Magic
  3728 | D:4      | Reached skill level 8 in Unarmed Combat
  3728 | D:4      | Reached skill level 1 in Ice Magic
  3844 | D:4      | Found the +4 robe of Augmentation {Str+4 Int+4 Dex+4}
  3889 | D:4      | Found a bloodstained altar of Trog.
  3894 | D:4      | Found a shimmering altar of Xom.
  4263 | D:5      | Entered Level 5 of the Dungeon
  4498 | D:5      | Reached XP level 8. HP: 19/48 MP: 8/11
  4720 | D:5      | Found a glowing silver altar of Zin.
  4785 | D:5      | Found a staircase to the Ecumenical Temple.
  4793 | Temple   | Entered the Ecumenical Temple
  4884 | D:5      | Found a blossoming altar of Fedhas.
  4888 | D:5      | Became a worshipper of Fedhas Madash
  5387 | D:5      | Noticed a wyvern
  5387 | D:5      | a killer bee changed into a wyvern
  5397 | D:5      | Killed a wyvern
  6068 | D:6      | Gained mutation: One of your tentacles bears a spike.
                  | [potion of mutation]
  6068 | D:6      | Gained mutation: You are covered in fur. (AC +1) [potion of
                  | mutation]
  6068 | D:6      | Gained mutation: You expend magic power (3 MP) to
                  | strengthen your wands. [potion of mutation]
  6068 | D:6      | HP: 2/48 [killer bee (8)]
  6262 | D:6      | Noticed Blork the orc
  6277 | D:6      | Killed Blork the orc
  6278 | D:6      | Reached XP level 9. HP: 43/53 MP: 14/14
  6283 | D:6      | Learned a level 4 spell: Ice Form
  6384 | D:6      | Reached skill level 9 in Unarmed Combat
  6446 | D:6      | Mangled by a shadow

Illustrated notes

Levels and vault maps discovered:
D:1:      grunt_arrival_crossed_arrows, layout_basic,
          hellmonk_ecumenical_altar_slurped_away, serial_forest,
          infiniplex_forest_clump_double, infiniplex_forest_straight_2,
          infiniplex_forest_lined_3, infiniplex_forest_clump_tiny,
          infiniplex_forest_corner_1, infiniplex_forest_clump_diagonal,
          glass_columns_c
D:2:      layout_basic
D:3:      kennysheep_the_goblin_king, layout_loops_ring, amethyst_killhole,
          uniq_natasha, uniq_sigmund, uniq_jessica
D:4:      layout_loops_ring, mainiacjoe_overflow_big_doors, uniq_ijyb
D:5:      layout_loops_ring, mainiacjoe_overflow_catch_the_wave,
          minmay_temple_entry_fiery
D:6:      layout_cave_pools, uniq_blork_the_orc
Temple:   cyrus_circular_temple

Skill      XL: |  1  2  3  4  5  6  7  8  9 |
---------------+----------------------------+-----
Unarmed Combat | 4 5 6 7 8 9 |  9.0
Poison Magic   | 2 |  2.0
Ice Magic      | 2 4 |  4.1
Transmutations | 3 4 |  4.8
Spellcasting   | 3 |  3.6
Fighting       | |  1.0
Dodging        | |  2.0

Action                   |  1- 3 |  4- 6 |  7- 9 || total
-------------------------+-------+-------+-------++-------
Melee: Unarmed           |    62 |    81 |   136 ||   279
       Constrict         |    20 |    20 |    18 ||    58
       Tentacles         |    12 |    13 |    12 ||    37
       Kick              |    12 |    10 |    19 ||    41
       Punch             |     3 |     1 |     4 ||     8
 Cast: Beastly Appendage |    21 |    14 |     8 ||    43
       Spider Form       |       |     2 |    11 ||    13
       Wereblood         |       |     1 |       ||     1
 Abil: End Transformatio |       |       |     1 ||     1
Evoke: Wand              |       |       |    13 ||    13
  Use: Scroll            |       |     1 |       ||     1
       Potion            |       |       |     7 ||     7
 Stab: Sleeping          |    10 |     2 |     7 ||    19
Armor: Skin              |     9 |     3 |    13 ||    25
Dodge: Dodged            |    27 |    24 |    94 ||   145
